 Dungeon Crawl Stone Soup version 0.28.0-47-ge53b351184 (webtiles) character file.

Game seed: 17064555997621834019

695 Leonardo the Twirler (level 7, -3/58 HPs)
             Began as a Grey Draconian Gladiator on Apr 25, 2022.
             Was a Follower of the Shining One.
             Slain by a gnoll sergeant
             ... wielding a +4 spear of flaming
              (4 damage)
             ... on level 4 of the Dungeon.
             The game lasted 00:24:19 (4417 turns).

Leonardo the Twirler (Grey Draconian Gladiator)     Turns: 4417, Time: 00:24:19

Health: -3/58      AC: 11    Str: 15 (16) XL:     7   Next: 37%
Magic:  8/8        EV: 13    Int:  7 (10) God:    the Shining One [*.....]
Gold:   155        SH:  0    Dex: 11 (13) Spells: 3/8 levels left

rFire   + . .      SeeInvis .   k - +0 spear (flame)
rCold   + . .      Faith    .   (no shield)
rNeg    . . .      Spirit   .   (armour unavailable)
rPois   +          Reflect  .   b - +0 hat
rElec   +          Harm     .   (no cloak)
rCorr   +          Rampage  .   (no gloves)
Will    .....                   (no boots)
Stlth   +.........              (no amulet)
HPRegen 0.19/turn               (no ring)
MPRegen 0.11/turn               (no ring)

@: resistant, glowing
A: AC +11, amphibious, unfitting armour, cold-blooded
a: Renounce Religion, Divine Shield


You were on level 4 of the Dungeon.
You worshipped the Shining One.
The Shining One was aware of your devotion.
You visited 2 branches of the dungeon, and saw 5 of its levels.

You collected 155 gold pieces.

Inventory:

Hand Weapons
 a - a +0 quarterstaff
 k - a +0 spear of flaming (weapon)
 o - a +0 hunting sling
Missiles
 m - 2 javelins
 n - 2 boomerangs (quivered)
Armour
 b - a +0 hat (worn)
Wands
 i - a wand of flame (7)
Scrolls
 c - 3 scrolls of amnesia
 j - a scroll of fog {unknown}
 q - a scroll of magic mapping
 r - a scroll of noise {unknown}


   Skills:
 * Level 3.6 Fighting
 * Level 2.3(3.9) Polearms
 * Level 4.8(5.1) Staves
 * Level 2.9 Throwing
 * Level 3.9 Dodging
 * Level 2.3 Stealth
 * Level 1.1 Spellcasting
 * Level 1.0 Conjurations
 * Level 1.3 Earth Magic
 * Level 1.2 Invocations
 * Level 1.2 Evocations


You had 3 spell levels left.
You knew the following spells:

 Your Spells              Type           Power      Damage    Failure   Level
a - Stone Arrow           Conj/Erth      4%         3d7       58%         3
b - Poisonous Vapours     Pois/Air       0%         N/A       54%         2

Your spell library contained the following spells:

 Spells                   Type           Power      Damage    Failure   Level
 Corpse Rot               Necr/Air       0%         N/A       54%         2
 Lehudib's Crystal Spear  Conj/Erth      1%         10d2      100%        8
 Animate Armour           Summ/Erth      Unusable   N/A       N/A         4

Dungeon Overview and Level Annotations

Branches:
Dungeon (4/15)             Temple (1/1) D:4

Altars:
Ashenzari
Cheibriados
Dithmenos
Elyvilon
Gozag
Hepliaklqana
Kikubaaqudgha
Makhleb
Nemelex Xobeh
Okawaru
Qazlal
Ru
Sif Muna
Trog
Uskayaw
Vehumet
Wu Jian
Xom
Yredelemnul
Zin
The Shining One

Shops:
D:1 (   D:3 [


Innate Abilities, Weirdness & Mutations

Your dull iron-grey scales are very hard. (AC +11)
You are amphibious.
You cannot fit into any form of body armour.
You are cold-blooded and may be slowed by cold attacks.


Message History

The hobgoblin shouts!
The hobgoblin hits you.
* * * LOW HITPOINT WARNING * * *
You hit the hobgoblin. You burn the hobgoblin.
You tail-slap the hobgoblin, but do no damage.
The hobgoblin is almost dead.
The hobgoblin barely misses you.
You barely miss the hobgoblin.
The hobgoblin is almost dead.
The hobgoblin completely misses you.
You hit the hobgoblin. You burn the hobgoblin.
You kill the hobgoblin!
The gnoll closely misses you.
The gnoll sergeant hits you from afar with a +4 spear of flaming.
* * * LOW HITPOINT WARNING * * *
The gnoll sergeant burns you.
* * * LOW HITPOINT WARNING * * *
The gnoll hits you but does no damage. The gnoll completely misses you.
Found a scroll of blinking.
The gnoll barely misses you. The gnoll barely misses you.
You see here a scroll of blinking.
d - a scroll of blinking Blink to where?
Press: ? - help, Dir - move target, p - gnoll sergeant
As you read the scroll of blinking, it crumbles to dust.
A gnoll is nearby!
A gnoll is nearby!
You start resting.
There are monsters nearby!
Throw: 2 boomerangs
Press: ? - help, Q - select action, (/) - cycle Shift-Dir - straight line, f - gnoll
Aim: a gnoll, wielding a +4 halberd (haloed, 81% to hit)
You throw a boomerang. The boomerang barely misses the gnoll.
The gnoll hits you with a +4 halberd.
* * * LOW HITPOINT WARNING * * *
You barely miss the gnoll. The gnoll closely misses you.
The gnoll sergeant hits you from afar with a +4 spear of flaming.
You die...

##...###...###..g####.g.##
#.....#.###.#g.†..##.#.#g##
.#...#...#...#...#..##....#
.#####...#...#####.#.###.##
.#...#...#...#...#.##.#.g#
#.....#.###.#..g..## #.#.#
##...###...###...## ###g#
#.###.#....g#.###g## #g####
...#...#..g#gg.#@..# #gg..#
...#...#####...#...# #....#
.. #...# #...#g..# ##...#
#.###(#.....#.###.## ##.##
##...###...###g..## #.#
#.....#.###.#.....# ######[#
.#...#...#...#g..#..#ggg...#
.#####...#...##### .#)######
.#...#...#.. g..


You could see a gnoll sergeant and a gnoll.

Vanquished Creatures
  Sigmund (D:2)
  A phantom (D:4)
  2 scorpions (D:4)
  A centaur skeleton (D:4)
  3 iguanas
  An orc wizard (D:3)
  2 hound skeletons (D:4)
  4 gnolls (D:4)
  7 adders
  3 adder skeletons (D:4)
  2 worms (D:3)
  2 dart slugs
  7 orcs
  6 endoplasms
  5 goblins
  5 hobgoblins
  3 jackals (D:2)
  2 kobolds (D:2)
  A quokka (D:3)
  3 ball pythons
  8 bats
  8 frilled lizards
  2 rats
79 creatures vanquished.

Vanquished Creatures (others)
  6 plants (D:4)
6 creatures vanquished.

Grand Total: 85 creatures vanquished

Notes
Turn   | Place    | Note
-------+----------+-------------------------------------------
     0 | D:1      | Leonardo the Draconian Gladiator began the quest for the
                  | Orb.
     0 | D:1      | Reached XP level 1. HP: 17/17 MP: 1/1
   479 | D:1      | Reached XP level 2. HP: 22/24 MP: 2/2
   532 | D:1      | Found Vimup's Weapon Shoppe.
   917 | D:2      | Noticed Sigmund
   940 | D:2      | Killed Sigmund
   941 | D:2      | Reached skill level 4 in Staves
   941 | D:2      | Reached skill level 1 in Stealth
   941 | D:2      | Reached XP level 3. HP: 12/30 MP: 3/3
   941 | D:2      | Reached XP level 4. HP: 14/37 MP: 4/4
   941 | D:2      | Reached XP level 5. HP: 17/44 MP: 5/5
  1352 | D:2      | Found a faded altar of an unknown god.
  1363 | D:2      | Prayed at the altar of an unknown god.
  1363 | D:2      | Became a worshipper of Dithmenos the Shadowed
  1363 | D:2      | Reached * piety under Dithmenos
  1459 | D:2      | Learned a level 3 spell: Stone Arrow
  1937 | D:3      | Found Wiro's Antique Armour Emporium.
  2338 | D:3      | Reached XP level 6. HP: 51/51 MP: 6/6
  2528 | D:3      | Learned a level 2 spell: Poisonous Vapours
  3150 | D:4      | Reached skill level 1 in Polearms
  3176 | D:4      | Reached ** piety under Dithmenos
  3343 | D:4      | Found a staircase to the Ecumenical Temple.
  3351 | Temple   | Entered the Ecumenical Temple
  3426 | Temple   | Fell from the grace of Dithmenos
  3426 | Temple   | Became a worshipper of the Shining One
  3588 | D:4      | Reached skill level 1 in Invocations
  3694 | D:4      | Noticed a troll
  3950 | D:4      | Reached skill level 1 in Spellcasting
  4068 | D:4      | Reached skill level 1 in Conjurations
  4068 | D:4      | Reached skill level 1 in Earth Magic
  4068 | D:4      | Reached skill level 1 in Evocations
  4068 | D:4      | Your scales start taking on a dull iron-grey colour.
  4068 | D:4      | Reached XP level 7. HP: 51/57 MP: 8/8
  4369 | D:4      | Reached * piety under the Shining One
  4390 | D:4      | HP: 2/58 [gnoll sergeant/+4 spear of flaming (1)]
  4416 | D:4      | HP: 1/58 [gnoll/+4 halberd (6)]
  4417 | D:4      | Slain by a gnoll sergeant

Illustrated notes

Levels and vault maps discovered:
D:1:      dpeg_arrival_court, layout_basic, serial_shops,
          nicolae_shop_bloodbath_and_beyond, kennysheep_decorative_pillar,
          kennysheep_pointless_box
D:2:      layout_rooms, shapermc_ecumenical_altar_venn, grunt_decor_junction,
          amcnicky_mini_rare_corridor_liquid, minmay_door_square, uniq_sigmund
D:3:      layout_basic, serial_shops, nicolae_lakefront_shop
D:4:      nicolae_cairo_tiling, layout_loops_cross, temple_green,
          minmay_lizard_king
Temple:   mainiacjoe_temple_starburst

Skill      XL: |  1  2  3  4  5  6 |
---------------+-------------------+-----
Staves         | 4 |  4.8
Throwing       | 2 |  2.9
Dodging        | 3 |  3.9
Stealth        | 1 2 |  2.3
Fighting       | 3 |  3.6
Polearms       | 2 |  2.3
Invocations    | 1 |  1.2
Spellcasting   | 1 |  1.1
Conjurations   | 1 |  1.0
Earth Magic    | 1 |  1.3
Evocations     | 1 |  1.2

Action                   |  1- 3 |  4- 6 |  7- 9 || total
-------------------------+-------+-------+-------++-------
Melee: Quarterstaff      |    24 |    27 |       ||    51
       Tailslap          |     5 |    29 |     6 ||    40
       Spear             |       |   163 |    35 ||   198
       Punch             |       |     3 |       ||     3
Throw: Throwing net      |     6 |     2 |       ||     8
       Javelin           |       |     8 |       ||     8
       Boomerang         |       |    19 |    28 ||    47
 Cast: Poisonous Vapours |       |       |     2 ||     2
Evoke: Wand              |       |     5 |     1 ||     6
  Use: Scroll            |     3 |     4 |     2 ||     9
       Potion            |       |     2 |     2 ||     4
 Stab: Sleeping          |       |     6 |       ||     6
       Held in net/web   |       |     1 |       ||     1
Armor: Skin              |    11 |    45 |    16 ||    72
Dodge: Dodged            |    25 |   163 |    35 ||   223
